 Dungeon Crawl Stone Soup version 0.17-a0-1519-g2001520 (webtiles) character file.

2137 patman the Frost Mage (level 9, -7/51 HPs)
             Began as an Octopode Ice Elementalist on July 12, 2015.
             Was a Follower of Vehumet.
             Killed from afar by Erolcha (38 damage)
             ... with a crystal spear
             ... on level 8 of the Dungeon on July 13, 2015.
             The game lasted 00:25:28 (10283 turns).

patman the Frost Mage (Octopode Ice Elementalist)  Turns: 10283, Time: 00:25:28

Health: -7/51      AC: 13    Str: 14    XL:     9   Next: 30%
Magic:  1/12       EV: 12    Int: 21    God:    Vehumet [*.....]
Gold:   53         SH:  0    Dex: 12    Spells: 4 memorised, 2 levels left

rFire  x . .     SeeInvis .     b - +3 flail (protect)
rCold  + . .     Clarity  .     (no shield)
rNeg   . . .     SustAt   .     (helmet restricted)
rPois  .         Gourm    .     (no amulet)
rElec  .         Spirit   .     m - +4 ring of strength
rCorr  .         Warding  .     C - +2 ring of slaying
rMut   .         Stasis   .     i - +3 ring of strength
MR     .....                    M - ring of ice
Stlth  +++.......               j - +6 ring of slaying
                                (no ring)
                                (no ring)
                                (no ring)

@: icy armour, not resistant to hostile enchantments, fairly stealthy
A: almost no armour, amphibious, 8 rings, constrict 8, camouflage 1, gelatinous
body 1
a: Renounce Religion


You were on level 8 of the Dungeon.
You worshipped Vehumet.
Vehumet was aware of your devotion.
You were not hungry.

You visited 2 branches of the dungeon, and saw 9 of its levels.

You collected 353 gold pieces.
You spent 300 gold pieces at shops.

Inventory:

Hand weapons
 a - a +2 rapier of holy wrath
 b - a +3 flail of protection (weapon)
 f - a +0 dagger
 l - a +0 blowgun
Missiles
 k - 169 stones (quivered)
 o - 7 poisoned needles
 x - 17 tomahawks
 E - a throwing net
Jewellery
 i - a +3 ring of strength (on tentacle)
 j - a +6 ring of slaying (on tentacle)
 m - a +4 ring of strength (left tentacle)
 C - a +2 ring of slaying (right tentacle)
 I - an uncursed ring of teleportation
 M - a ring of ice (on tentacle)
Magical devices
 p - a wand of heal wounds (4)
 v - a wand of frost (0)
 D - a wand of magic darts (0)
 F - a wand of teleportation (6)
 J - a wand of hasting (1)
Scrolls
 e - a scroll of enchant weapon {unknown}
 g - a scroll of blinking {unknown}
 s - a scroll of fog {unknown}
 t - a scroll of amnesia
 w - a scroll of recharging {unknown}
 y - 3 scrolls of remove curse
 B - a scroll of immolation {unknown}
 H - a scroll of noise {unknown}
Potions
 d - a potion of mutation
 h - a potion of flight
 q - a potion of poison {unknown}
 u - a potion of brilliance {unknown}
 z - a potion of heal wounds {unknown}
 G - 3 potions of might
Books
 n - a book of Frost

   Spells                             Type                      Level
   a - Freeze                         Ice                          1
   b - Throw Frost                    Conjuration/Ice              2
   c - Ozocubu's Armour               Charms/Ice                   3
   d - Throw Icicle                   Conjuration/Ice              4
   e - Summon Ice Beast               Ice/Summoning                4
   f - Condensation Shield            Ice                          4
Comestibles
 c - 2 fruits
 L - 5 bread rations


   Skills:
 - Level 2.0 Dodging
 - Level 2.6 Stealth
 - Level 2.0 Spellcasting
 * Level 8.4 Conjurations
 + Level 9.1 Ice Magic


You had 2 spell levels left.
You knew the following spells:

 Your Spells              Type           Power        Failure   Level  Hunger
a - Freeze                Ice            ####         1%          1    #......
c - Throw Frost           Conj/Ice       ######       1%          2    ##.....
d - Throw Icicle          Conj/Ice       ######..     4%          4    #####..
O - Ozocubu's Armour      Chrm/Ice       ####....     10%         3    ###....


Dungeon Overview and Level Annotations

Branches:
Dungeon (8/15)             Temple (1/1) D:6
   Lair: D:8-11

Altars:
Ashenzari
Cheibriados
Dithmenos
Elyvilon
Fedhas
Gozag
Kikubaaqudgha
Makhleb
Nemelex Xobeh
Okawaru
Qazlal
Ru
Sif Muna
Trog
Vehumet
Xom
Yredelemnul
Zin
The Shining One

Shops:
D:4 =

Annotations:
D:8 Erolcha


Innate Abilities, Weirdness & Mutations

You cannot wear most types of armour.
You are amphibious.
You can wear up to eight rings at the same time.
You can use your tentacles to constrict eight enemies at once.
Your skin changes colour to match your surroundings (Stealth).
Your rubbery body absorbs attacks (AC +1).


Message History

The giant frog zombie barely misses you. x2
You sock the giant frog zombie!
You destroy the giant frog zombie!
Vehumet accepts your kill.
Erolcha the Cunning comes into view.
She is wielding a giant club.
Erolcha moves out of view.
Found 13 gold pieces.
Erolcha casts a spell at you. The crystal spear hits you!
Casting: Throw Icicle
Confirm with . or Enter, or press ? or * to list all spells.
Aiming: Throw Icicle
Press: ? - help, Shift-Dir - straight line, f - Erolcha
Aim: Erolcha, wielding a giant club and wearing a robe You feel a surge of power!
The shard of ice hits Erolcha.
Erolcha is lightly wounded.
Erolcha points at you and mumbles some strange words.
The crystal spear hits you!
Ouch! That really hurt!
You die...

#....(<..)..# .... #.
#.....#####.###..#
###.###..#..#####.#..$.#.
...##.........##8.......
#.##..###.##.##....#.#.
#............##........
#..#.####.### #.#......
#...>.###.#####O#....#.
#......##....@..#..#.#
##..#.#.####.###.#..#...
#<........ # .....# ##
#....####.#.# #.##.#
###### ..... #.. # ....
#.# ... ..# .#


You could see Erolcha.

Vanquished Creatures
  A wyvern (D:7)
  Edmund (D:6)
  An orc warrior (D:7)
  A hungry ghost (D:7)
  2 ogres
  A centaur (D:6)
  A big kobold (D:7)
  2 scorpions (D:5)
  2 crimson imps
  3 hounds
  3 jellies (D:7)
  5 orc priests
  3 giant frog zombies
  A giant frog skeleton (D:5)
  4 iguanas
  2 orc wizards
  6 worker ants
  A killer bee zombie (D:6)
  A hound zombie (D:7)
  12 gnolls
  8 adders
  An adder skeleton (D:7)
  4 worms
  8 giant geckos
  30 orcs
  12 bats
  A bat skeleton (D:5)
  3 giant cockroaches (D:1)
  9 goblins
  16 hobgoblins
  15 jackals
  2 quokkas
  3 giant newts
  23 kobolds
  10 rats
198 creatures vanquished.

Notes
Turn   | Place    | Note
--------------------------------------------------------------
     0 | D:1      | patman the Octopode Ice Elementalist began the quest for the Orb.
     0 | D:1      | Reached XP level 1. HP: 11/11 MP: 3/3
   535 | D:1      | Reached XP level 2. HP: 9/17 MP: 5/5
  1108 | D:1      | Reached skill level 4 in Ice Magic
  1480 | D:1      | Reached XP level 3. HP: 17/21 MP: 6/6
  1915 | D:2      | Learned a level 3 spell: Ozocubu's Armour
  2751 | D:2      | Reached XP level 4. HP: 25/27 MP: 5/7
  3059 | D:3      | Reached skill level 5 in Ice Magic
  3194 | D:3      | Reached XP level 5. HP: 25/31 MP: 4/8
  3373 | D:3      | Reached skill level 6 in Ice Magic
  3753 | D:3      | Learned a level 2 spell: Throw Frost
  3900 | D:4      | Reached XP level 6. HP: 27/36 MP: 5/9
  4144 | D:4      | Reached skill level 7 in Ice Magic
  4177 | D:4      | Found a basalt altar of Yredelemnul.
  4367 | D:5      | Entered Level 5 of the Dungeon
  4715 | D:5      | Reached XP level 7. HP: 41/41 MP: 6/10
  4916 | D:5      | Learned a level 4 spell: Throw Icicle
  5334 | D:5      | Found a deep blue altar of Sif Muna.
  6222 | D:4      | Reached XP level 8. HP: 46/46 MP: 1/11
  6224 | D:4      | Upgraded the game from 0.17-a0-1515-gfae3d72 to 0.17-a0-1519-g2001520
  6350 | D:4      | Reached skill level 5 in Conjurations
  6389 | D:4      | Found Nairche's Jewellery Emporium.
  6717 | D:6      | Found a snail-covered altar of Cheibriados.
  6717 | D:6      | Noticed Edmund
  6842 | D:5      | Reached skill level 8 in Ice Magic
  7008 | D:6      | Found a staircase to the Ecumenical Temple.
  7018 | Temple   | Entered the Ecumenical Temple
  7179 | Temple   | Became a worshipper of Vehumet
  7331 | D:6      | Killed Edmund
  7927 | D:4      | Bought an uncursed ring of ice for 300 gold pieces
  8266 | D:6      | Noticed a hill giant
  8367 | D:6      | HP: 2/46 [hill giant/giant spiked club (10)]
  9031 | D:7      | Reached XP level 9. HP: 51/51 MP: 12/12
  9171 | D:7      | Reached skill level 9 in Ice Magic
  9235 | D:7      | Acquired Vehumet's first power
  9235 | D:7      | Offered knowledge of Sting by Vehumet.
 10026 | D:8      | Noticed a tengu warrior
 10043 | D:8      | Noticed an iron golem
 10043 | D:8      | Noticed an iron golem
 10043 | D:8      | Noticed an iron golem
 10043 | D:8      | Noticed an iron golem
 10275 | D:8      | Noticed Erolcha
 10283 | D:8      | Killed from afar by Erolcha

Vault maps used:
D:1:      dpeg_arrival_rhombus
D:2:      minmay_misc_feat_hallway
D:4:      lemuel_round_altar, serial_shops, shop
D:5:      tgw_sif, first_bread
D:6:      cheibriados_altar_1, minmay_temple_entry_overgrown,
          nicolae_ossuary_entry_ruins, uniq_edmund
D:8:      cheibrodos_stairvault_heist, grunt_decor_cap, uniq_erolcha
Temple:   nicolae_temple_elliptical

Action                   |  1- 3 |  4- 6 |  7- 9 || total
-------------------------+-------+-------+-------++-------
Melee: Unarmed           |    11 |       |       ||    11
       Dagger            |    91 |       |       ||    91
       Rapier            |    11 |    99 |   111 ||   221
       Flail             |       |       |    71 ||    71
Throw: Stone             |       |     1 |       ||     1
 Cast: Freeze            |     9 |     5 |    27 ||    41
       Ozocubu's Armour  |       |    10 |    19 ||    29
       Throw Frost       |       |     3 |     1 ||     4
       Throw Icicle      |       |       |    23 ||    23
Evoke: Wand              |       |     2 |     5 ||     7
  Use: Scroll            |       |     5 |    13 ||    18
       Potion            |       |       |     4 ||     4
 Stab: Sleeping          |     5 |    17 |    11 ||    33
       Distracted        |     1 |       |     2 ||     3
  Eat: Chunk             |     5 |     8 |    10 ||    23
       Beef jerky        |       |       |     2 ||     2
       Meat ration       |       |       |     1 ||     1
       Pizza             |       |       |     1 ||     1
       Bread ration      |       |       |     2 ||     2
